 Dungeon Crawl Stone Soup version 0.26.1-11-gd32895ea62 (webtiles) character file.

Game seed: 13780720941873452763

298 jlumianski the Caller (level 6, -2/24 HPs)
             Began as a Felid Summoner on May 28, 2021.
             Was an Initiate of Sif Muna.
             Killed by divine providence
             ... invoked by an orc priest
              (13 damage)
             ... on level 4 of the Dungeon.
             The game lasted 00:27:07 (5295 turns).

jlumianski the Caller (Felid Summoner)              Turns: 5295, Time: 00:27:09

Health: -2/24      AC:  2    Str:  4    XL:     6   Next: 13%
Magic:  3/14       EV: 18    Int: 19    God:    Sif Muna [......]
Gold:   140        SH:  0    Dex: 16    Spells: 8/14 levels left
                                        Lives:  0   Deaths: 1

rFire    . . .     SeeInvis +   (weapon unavailable)
rCold    . . .     Faith    .   (shield unavailable)
rNeg     . . .     Spirit   .   (armour unavailable)
rPois    .         Reflect  .   (helmet unavailable)
rElec    .         Harm     .   (cloak unavailable)
rCorr    .         Rampage  .   (gloves unavailable)
Will     +....                  (boots unavailable)
Stlth    +++.......             (no amulet)
HPRegen  0.08/turn              e - ring of willpower
MPRegen  0.14/turn              (no ring)

@: quick
A: very small, no armour, no weapons or thrown items, stealth, claws 1, fangs 3,
see invisible, speed 1, shaggy fur 2, sharp paws
a: Renounce Religion


You were on level 4 of the Dungeon.
You worshipped Sif Muna.
Sif Muna was noncommittal.
You visited 1 branch of the dungeon, and saw 4 of its levels.
You also visited: Sewer.

You collected 140 gold pieces.

Inventory:

Jewellery
 b - an uncursed amulet of guardian spirit
 e - a ring of willpower (left paw)
 m - a cursed -4 ring of intelligence
Scrolls
 d - 3 scrolls of remove curse
 f - a scroll of fog
 j - a scroll of teleportation
 k - a scroll of fear
 o - 3 scrolls of magic mapping {unknown}
 q - a scroll of identify
Potions
 a - a potion of degeneration {unknown}
 c - a potion of lignification {unknown}
 g - a potion of magic
 h - a potion of curing {unknown}
 i - a potion of invisibility {unknown}
 l - a potion of heal wounds {unknown}
 n - 2 potions of resistance
 p - a potion of ambrosia {unknown}


   Skills:
 + Level 0.2 Fighting
 + Level 2.9 Dodging
 + Level 3.7 Stealth
 + Level 0.8 Unarmed Combat
 + Level 4.9 Spellcasting
 + Level 6.1 Summonings


You had 8 spell levels left.
You knew the following spells:

 Your Spells              Type           Power        Failure   Level
a - Summon Small Mammal   Summ           100%         1%          1
b - Call Imp              Summ           28%          1%          2
c - Call Canine Familiar  Summ           28%          3%          3

Your spell library contained the following spells:

 Spells                   Type           Power        Failure   Level
 Summon Guardian Golem    Hex/Summ       16%          11%         3
 Summon Ice Beast         Ice/Summ       16%          34%         4
 Summon Lightning Spire   Summ/Air       16%          34%         4


Dungeon Overview and Level Annotations

Branches:
Dungeon (4/15)              Sewer (visited)
 Temple: D:4-7

Altars:
Sif Muna
Vehumet
Wu Jian
Xom


Innate Abilities, Weirdness & Mutations

You cannot wear armour.
You are incapable of wielding weapons or throwing items.
Your paws allow you to move quietly. (Stealth)
You have sharp claws.
You have razor-sharp teeth.
You have supernaturally acute eyesight. (SInv)
You cover ground quickly.
You are covered in thick fur. (AC +2)
Your sharp claws are effective at attacking unaware monsters.


Message History

The puff of frost hits the orc priest.
Casting: Summon Small Mammal (safe; 1% risk of failure)
Confirm with . or Enter, or press ? or * to list all spells.
Your hound bites the orc priest.
The orc priest calls down the wrath of Beogh upon you.
Beogh smites you!
Ouch! That really hurt!
An orc comes into view. It is wielding a -2 whip.
Your crimson imp barely misses the orc wizard.
The orc priest casts a cantrip, but nothing happens.
Your white imp hits the orc priest but does no damage.
You hear a shout!
Casting: Summon Small Mammal (safe; 1% risk of failure)
Confirm with . or Enter, or press ? or * to list all spells.
The orc wizard hits your crimson imp with a +0 dagger.
Your hound bites the orc priest but does no damage.
The orc priest invokes the aid of Beogh against you.
Beogh smites you!
Ouch! That really hurt!
You die...

#..5r.# ..#..........##.
#.5...###.....#.........
#§.÷.§§.#.r....##..##..
###..##...#.#..##..# .#
#.......#.#.Z....#.#
##.#.###.#.#5........
##.....r#...#..§...#.#
#...###....##§§......#
....#...)......


You could see 4 orc priests, 3 orc wizards, an orc, a quokka skeleton, a
friendly hound (summoned), 2 friendly crimson imps, a friendly white imp
(summoned), a friendly quokka (summoned) and 2 friendly rats.

Vanquished Creatures
  3 bats
  3 goblins
  A hobgoblin (D:2)
  4 frilled lizards
  4 rats
15 creatures vanquished.

Vanquished Creatures (collateral kills)
  Sigmund (D:2)
  Menkaure (D:3)
  Purgy (Sewer)
  A phantom (D:4)
  An ogre (D:3)
  Blork the orc (D:4)
  A scorpion (D:3)
  A howler monkey (D:4)
  Crazy Yiuf (D:2)
  Jessica (D:2)
  4 adders
  An ufetubus (D:2)
  2 oozes (D:2)
  3 worms
  6 dart slugs
  4 leopard geckos
  3 orcs
  5 ball pythons
  9 bats
  A giant cockroach (D:2)
  8 goblins
  7 hobgoblins
  2 jackals (D:2)
  4 kobolds
  8 frilled lizards
  8 rats
85 creatures vanquished.

Vanquished Creatures (others)
  2 fungi (D:2)
2 creatures vanquished.

Grand Total: 102 creatures vanquished

Notes
Turn   | Place    | Note
-------+----------+-------------------------------------------
     0 | D:1      | jlumianski the Felid Summoner began the quest for the Orb.
     0 | D:1      | Reached XP level 1. HP: 7/7 MP: 4/4
   358 | D:1      | Reached XP level 2. HP: 11/11 MP: 6/6
   361 | D:1      | Learned a level 2 spell: Call Imp
  1105 | D:1      | Reached XP level 3. HP: 14/14 MP: 5/7
  1109 | D:1      | Learned a level 3 spell: Call Canine Familiar
  1507 | D:2      | Noticed Jessica
  1535 | D:2      | Killed Jessica
  1941 | D:2      | Reached XP level 4. HP: 18/18 MP: 1/9
  2195 | D:2      | Noticed Sigmund
  2268 | D:2      | Killed Sigmund
  2269 | D:2      | Reached skill level 5 in Summonings
  2269 | D:2      | Reached XP level 5. HP: 21/21 MP: 0/11
  2680 | D:2      | Found a runed translucent door.
  2681 | D:2      | Noticed Crazy Yiuf
  2694 | D:2      | Killed Crazy Yiuf
  3039 | D:3      | Found a glowing drain.
  3050 | Sewer    | Entered a sewer
  3196 | Sewer    | Noticed Purgy
  3237 | Sewer    | Killed Purgy
  4300 | D:3      | Found a radiant altar of Vehumet.
  4310 | D:3      | Found a shimmering blue altar of Sif Muna.
  4310 | D:3      | Noticed an ogre
  4317 | D:3      | Killed an ogre
  4318 | D:3      | Gained mutation: You are covered in thick fur. (AC +2)
                  | [Felid growth]
  4318 | D:3      | Reached XP level 6. HP: 9/24 MP: 4/13
  4507 | D:3      | Found an ornate altar of the Wu Jian Council.
  4510 | D:3      | Found a shimmering altar of Xom.
  4516 | D:3      | Became a worshipper of Sif Muna the Loreminder
  4652 | D:4      | Noticed Blork the orc
  4680 | D:4      | Killed Blork the orc
  4773 | D:4      | Noticed Menkaure
  4785 | D:4      | Mangled by Menkaure
  4786 | D:4      | Reached XP level 5. HP: -7/21 MP: 4/12
  4968 | D:3      | Reached skill level 6 in Summonings
  5192 | D:3      | Killed Menkaure
  5193 | D:3      | Reached XP level 6. HP: 23/24 MP: 1/14
  5295 | D:4      | Killed from afar by an orc priest

Illustrated notes

Levels and vault maps discovered:
D:1:      tarquinn_simple_flora_water_a, layout_loops_ring
D:2:      layout_rooms, minmay_misc_feat_cross, uniq_jessica, uniq_sigmund,
          uniq_crazy_yiuf_cottage
D:3:      layout_rooms, grunt_temple_overflow_cloverleaf, serial_curves,
          eino_curves_04, eino_curves_01, cheibrodos_sewer_entry_sluice
D:4:      layout_rooms, minmay_temple_entry_crystal_x, tso_altar,
          uniq_blork_the_orc, uniq_menkaure, uniq_robin

Skill      XL: |  1  2  3  4  5 |
---------------+----------------+-----
Stealth        | 3 |  3.7
Spellcasting   | 3 4 |  4.9
Summonings     | 5 6 |  6.1
Fighting       | |  0.2
Dodging        | |  2.9
Unarmed Combat | |  0.8

Action                   |  1- 3 |  4- 6 || total
-------------------------+-------+-------++-------
Melee: Unarmed           |    21 |    38 ||    59
       Bite              |     1 |     2 ||     3
 Cast: Summon Small Mamm |    58 |    48 ||   106
       Call Imp          |    13 |    44 ||    57
       Call Canine Famil |     7 |    23 ||    30
  Use: Scroll            |     1 |     9 ||    10
       Potion            |       |     1 ||     1
 Stab: Sleeping          |     9 |     2 ||    11
Armor: Skin              |     5 |     5 ||    10
Dodge: Dodged            |    39 |    59 ||    98
